 Dungeon Crawl Stone Soup version 0.31-a0-931-g7b59d4eb97 (webtiles) character file.

Game seed: 1083540831345718779

1810894 Forgeling the Hoplite (level 27, 231/231 HPs)
             Began as a Formicid Reaver on Oct 19, 2023.
             Was a High Priest of Okawaru.
             Escaped with the Orb
             ... and 3 runes on Oct 20, 2023!
             The game lasted 02:15:36 (59008 turns).

Forgeling the Hoplite (Formicid Reaver)            Turns: 59008, Time: 02:15:37

Health: 231/231    AC: 43    Str: 28    XL:     27
Magic:  36/36      EV: 12    Int: 16    God:    Okawaru [*****.]
Gold:   2225       SH: 24    Dex: 14    Spells: 29/30 levels left

rFire   + + +        b - +10 executioner's axe of the Shrinking Enemy {venom, rC+}
rCold   + + +        Z - +2 shield of Resistance {rF++ rC++ Will++}
rNeg    + . .        l - +7 crystal plate armour "Ewnij" {rF+ Int+2}
rPois   +            (helmet unavailable)
rElec   +            z - scarf {repulsion}
rCorr   .            Y - +2 pair of gloves
SInv    +            T - +2 pair of boots
Will    ++++.        c - amulet of Gaxzi {Reflect Regen+ SH+5} Stlth
                     D - ring of the Duke {rPois rN+}
HPRegen 1.38/turn    j - ring of Brilliance {rElec Slay+4}
MPRegen 0.25/turn

%: repel missiles, reflection
@: studying 3 skills
A: permanent stasis, dig shafts and tunnels, antennae 3, four strong arms
0: Orb of Zot
}: 3/15 runes: barnacled, silver, gossamer
a: Dig, Shaft Self, Renounce Religion, Heroism, Finesse, Duel


You escaped.
You worshipped Okawaru.
Okawaru was extremely pleased with you.
You visited 9 branches of the dungeon, and saw 47 of its levels.
You also visited: Ice Cave.

You collected 8833 gold pieces.
You spent 6608 gold pieces at shops.

Inventory:

Hand Weapons
 a - a +9 executioner's axe of holy wrath
 b - the +10 executioner's axe of the Shrinking Enemy (weapon) {venom, rC+}
   (Okawaru gifted it to you on level 2 of the Lair of Beasts)

   rC+:       It protects you from cold.
Missiles
 m - 65 boomerangs
 n - 2 darts of dispersal
 o - 5 atropa-tipped darts
 t - 70 poisoned darts
 u - 6 throwing nets
 w - 46 silver javelins (quivered)
 x - 15 curare-tipped darts
 B - 29 javelins
Armour
 l - the +7 crystal plate armour "Ewnij" (worn) {rF+ Int+2}
   (Okawaru gifted it to you on level 2 of the Lair of Beasts)

   Int+2:     It affects your intelligence (+2).
   rF+:       It protects you from fire.
 z - a scarf of repulsion (worn)
 T - a +2 pair of boots (worn)
 Y - a +2 pair of gloves (worn)
 Z - the +2 shield of Resistance (worn) {rF++ rC++ Will++}
   (You found it on level 3 of the Elven Halls)

   rF++:      It greatly protects you from fire.
   rC++:      It greatly protects you from cold.
   Will++:    It greatly increases your willpower.
Jewellery
 c - the amulet of Gaxzi (around neck) {Reflect Regen+ SH+5}
   (You acquired it on level 2 of the Orcish Mines)

   [amulet of reflection]

   Reflect:   It reflects blocked missile attacks.
   Regen+:    It increases your rate of health regeneration.
   SH+5:      It affects your SH (+5).
 f - the ring "Usmior" {rN+ rCorr Int+3}
   (You bought it in a shop on level 2 of the Elven Halls)

   [ring of resist corrosion]

   Int+3:     It affects your intelligence (+3).
   rN+:       It protects you from negative energy.
   rCorr:     It protects you from acid and corrosion.
 j - the ring of Brilliance (right hand) {rElec Slay+4}
   (You acquired it on level 2 of the Orcish Mines)

   [ring of slaying]

   Slay+4:    It affects your accuracy & damage with ranged weapons and melee
   (+4).
   rElec:     It insulates you from electricity.
 D - the ring of the Duke (left hand) {rPois rN+}
   (You found it on level 3 of the Depths)

   [ring of poison resistance]

   rPois:     It protects you from poison rN+: It protects you from negative
   energy.
Wands
 d - a wand of digging (3)
 e - a wand of paralysis (33)
 h - a wand of quicksilver (30)
 i - a wand of iceblast (22)
Scrolls
 k - 7 scrolls of amnesia
 s - 6 scrolls of brand weapon
 y - 3 scrolls of enchant weapon
 E - 4 scrolls of fear
 F - 9 scrolls of fog
 K - 4 scrolls of immolation
 O - 3 scrolls of silence
 P - 10 scrolls of poison
 V - 6 scrolls of vulnerability
 W - 11 scrolls of enchant armour
 X - 9 scrolls of revelation {@r4}
Potions
 A - 11 potions of attraction
 C - 10 potions of cancellation
 G - 7 potions of ambrosia
 J - 17 potions of curing {@q1}
 L - 9 potions of enlightenment
 M - 4 potions of might
 N - 5 potions of heal wounds {@q2}
 Q - 5 potions of magic
 R - 3 potions of resistance
 U - 6 potions of mutation
Miscellaneous
 g - a condenser vane
 r - a phial of floods
 v - a lightning rod (4/4)


   Skills:
 - Level 22.0 Fighting
 - Level 22.0 Axes
 - Level 22.0 Throwing
 - Level 22.0 Armour
 - Level 12.2 Dodging
 - Level 25.3 Shields
 - Level 2.1 Spellcasting
 - Level 2.6 Conjurations
 - Level 19.1 Invocations
 + Level 17.4 Evocations


You had 29 spell levels left.
You knew the following spells:

 Your Spells              Type           Power      Damage    Failure   Level
a - Kiss of Death         Conj/Necr      24%        2d7       75%         1

Your spell library contained the following spells:

 Spells                   Type           Power      Damage    Failure   Level
 Magic Dart               Conj           40%        1d5       56%         1
 Searing Ray              Conj           20%        2d5       71%         2
 Foxfire                  Conj/Fire      24%        2x1d5     75%         1
 Shock                    Conj/Air       24%        1d4       75%         1
 Momentum Strike          Conj/Tloc      12%        3d8       87%         2
 Static Discharge         Conj/Air       12%        2-3/arc   87%         2
 Apportation              Tloc           2%         N/A       90%         1
 Freeze                   Ice            4%         1d3       90%         1
 Necrotise                Necr           4%         1d4       90%         1
 Sandblast                Erth           2%         2d4       90%         1
 Slow                     Hex            4%         N/A       90%         1
 Cigotuvi's Dreadful Rot  Necr/Pois/Air  2%         N/A       97%         2
 Jinxbite                 Hex            2%         N/A       97%         2
 Lesser Beckoning         Tloc           2%         N/A       97%         2
 Passwall                 Tmut/Erth      0%         N/A       97%         2
 Scorch                   Fire           2%         2d5       97%         2
 Sublimation of Blood     Necr           1%         N/A       97%         2
 Wereblood                Tmut           1%         N/A       97%         2
 Dazzling Flash           Conj/Hex       12%        N/A       98%         3
 Hailstorm                Conj/Ice       6%         3d4       98%         3
 Stone Arrow              Conj/Erth      12%        3d7       98%         3
 Confusing Touch          Hex            1%         N/A       99%         3
 Frozen Ramparts          Ice            2%         1d1       99%         3
 Gell's Gravitas          Tloc           1%         N/A       99%         3
 Inner Flame              Hex/Fire       1%         N/A       99%         3
 Ozocubu's Armour         Ice            1%         N/A       99%         3
 Sigil of Binding         Hex            1%         N/A       99%         3
 Teleport Other           Tloc           1%         N/A       99%         3
 Vampiric Draining        Necr           1%         2d6       99%         3
 Volatile Blastmotes      Fire/Tloc      2%         2d10      99%         3
 Airstrike                Air            0%         2d(1-17)  100%        4
 Brom's Barrelling Bould  Conj/Erth      6%         2d3       100%        4
 Cause Fear               Hex            0%         N/A       100%        4
 Dimensional Bullseye     Hex/Tloc       0%         N/A       100%        4
 Dispel Undead            Necr           1%         3d6       100%        4
 Flame Wave               Conj/Fire      6%         2d5       100%        4
 Fulminant Prism          Conj/Hex       3%         3d5       100%        4
 Manifold Assault         Tloc           1%         N/A       100%        4
 Olgreb's Toxic Radiance  Pois           1%         N/A       100%        4
 Agony                    Necr           1%         N/A       100%        5
 Alistair's Intoxication  Tmut/Pois      0%         N/A       100%        5
 Fireball                 Conj/Fire      3%         3d4       100%        5
 Iskenderun's Battlesphe  Conj           10%        2d6       100%        5
 Lee's Rapid Deconstruct  Erth           0%         3d4*      100%        5
 Metabolic Englaciation   Hex/Ice        0%         N/A       100%        5
 Silence                  Hex/Air        0%         N/A       100%        5
 Bombard                  Conj/Erth      3%         9d1       100%        6
 Conjure Ball Lightning   Conj/Air       3%         3x3d6     100%        6
 Dispersal                Tloc           0%         N/A       100%        6
 Plasma Beam              Fire/Air       0%         2x1d10    100%        6
 Starburst                Conj/Fire      3%         6d3       100%        6
 Orb of Destruction       Conj           5%         9d5       100%        7
 Ozocubu's Refrigeration  Ice            0%         4d7       100%        7
 Disjunction              Tloc           0%         N/A       100%        8
 Maxwell's Capacitive Co  Air            0%         ∞         100%        8
 Polar Vortex             Ice            0%         N/A       100%        9
 Blink                    Tloc           Unusable   N/A       N/A         2
 Animate Armour           Summ/Erth      Unusable   N/A       N/A         4
 Summon Lightning Spire   Summ/Air       Unusable   N/A       N/A         4
 Vhi's Electric Charge    Tloc/Air       Unusable   N/A       N/A         4
 Death Channel            Necr           Unusable   N/A       N/A         6
 Simulacrum               Ice/Necr       Unusable   N/A       N/A         6
 Summon Cactus Giant      Summ           Unusable   N/A       N/A         6
 Summon Hydra             Summ           Unusable   N/A       N/A         7
 Dragon's Call            Summ           Unusable   N/A       N/A         9

Dungeon Overview and Level Annotations

Branches:
Dungeon (15/15)            Temple (0/1) D:7            Lair (5/5) D:10
 Shoals (4/4) Lair:2       Spider (4/4) Lair:3        Slime (0/5) Lair:4
    Orc (2/2) D:12            Elf (3/3) Orc:2        Vaults (5/5) D:14
  Crypt (0/3) Vaults:2     Depths (4/4) D:15            Zot (5/5) Depths:4
  IceCv (visited)

Altars:
Cheibriados
Dithmenos
Fedhas
Gozag
Okawaru
Sif Muna
Trog
Uskayaw
Vehumet
Yredelemnul
Zin
Jiyva
Lugonu

Shops:
D:3 !   D:8 [(*   D:12 [   D:13 :   Orc:2 ???!   Elf:1 *   Elf:2 =::   Elf:3 *
Shoals:1 ?   Vaults:2 !![?(   Vaults:4 (   Depths:1 *   Depths:3 [

Portals:
Hell: Depths:1 Depths:2 Depths:3 Depths:4
Abyss: Lair:5 Depths:3
Pandemonium: Depths:2
Ziggurat: Depths:4

Annotations:
Depths:3 6 runed translucent doors, 2 transporters
Depths:4 exclusions: eye of devastation, 2 great orbs of eyes and 1 more exclusion


Innate Abilities, Weirdness & Mutations

You cannot be hasted, slowed, berserked, paralysed or teleported.
You can dig through walls and to a lower floor.
You have a pair of large antennae on your head. (SInv)
Your four strong arms can wield two-handed weapons with a shield.


Message History

The Hell Sentinel is severely wounded.
Xasefros gestures.
Unknown command.
Unknown command.
Unknown command.
Aiming: Iceblast
Press: ? - help, Shift-Dir - straight line, f - Xasefros
Aim: Xasefros, armed with a vampiric touch (heavily wounded)
The mass of ice explodes!
The iceblast engulfs Xasefros!!!
Xasefros is severely wounded.
The iceblast engulfs the shining eye!!!
The shining eye is severely wounded.
The iceblast engulfs the floating eye!!
You kill the floating eye!
The floating eye disappears in a puff of smoke!
The iceblast engulfs the golden eye!!
You kill the golden eye!
The golden eye disappears in a puff of smoke! x2
You slash Xasefros!
Xasefros is poisoned.
Xasefros is severely wounded.
You hit the Hell Sentinel but do no damage.
Xasefros gestures.
You slash Xasefros!
Xasefros is almost dead.
You slash the shining eye!
The shining eye looks as sick as possible!
You slice the Hell Sentinel!! The Hell Sentinel hits you.
You slice Xasefros!!
You kill Xasefros!
The shining eye disappears in a puff of smoke!
The floating eye disappears in a puff of smoke!
The shining eye disappears in a puff of smoke!
You hit the Hell Sentinel but do no damage.
You slice the Hell Sentinel!!
You kill the Hell Sentinel! 4 stones; a +0 short sword You feel like a meek peon again.
Your hands slow down.
There is a staircase leading out of the dungeon here.
You have escaped!

###.#.# #.
#...#.# ##
#.###.#
#.# #.#
#.###.#
#.#.#.#
#.#.#.###
#.....#.##
#####...@#
###.## ###


There were no monsters in sight!

Vanquished Creatures
  3 pandemonium lords
  4 dread liches (Zot:5)
  6 orbs of fire
  4 ancient liches
  Mennas (Vaults:2)
  Sojobo (Vaults:3)
  Boris (twice) (Vaults:4 Depths:3)
  Margery (Vaults:3)
  Saint Roka (Vaults:2)
  3 curse toes
  The ghost of Boniyj the Victor of a Thousand Battles, a veteran GnWn of Okawaru (Depths:3)
  4 Killer Klowns (Zot:5)
  5 golden dragons
  the Enchantress (Depths:4)
  5 electric golems
  Rupert (D:13)
  A Hell Sentinel (D:1)
  28 Orb Guardians
  Mlioglotl (Spider:4)
  5 liches
  Asterion (Elf:3)
  18 tentacled monstrosities
  8 quicksilver dragons
  3 titans (Vaults:5)
  2 deep elf blademasters (Elf:3)
  2 deep elf master archers (Elf:3)
  5 sphinxes
  An ancient champion (Vaults:2)
  An Executioner (D:1)
  Polyphemus (Shoals:2)
  7 death cobs
  12 tengu reavers
  Agnes (Elf:1)
  Roxanne (Shoals:1)
  17 storm dragons
  Aizul (Shoals:2)
  Ilsuiw (Shoals:2)
  7 fire giants
  9 draconian monks
  5 shadow dragons
  An azure jelly (shapeshifter) (Depths:3)
  7 frost giants
  11 draconian knights
  6 deep elf sorcerers
  2 deep elf elementalists (Elf:3)
  7 emperor scorpions
  7 draconian shifters
  23 vault wardens
  8 draconian scorchers
  5 draconian stormcallers
  6 ghost moths
  2 orc warlords (Vaults:3)
  2 war gargoyles (Vaults:5)
  26 ironbound preservers
  The ghost of Beumoczol the Fetichist, a journeyman KoDe of Trog (Spider:3)
  5 spriggan defenders
  8 stone giants
  9 draconian annihilators
  12 ironbound thunderhulks
  4 formless jellyfish
  2 broodmothers (Spider:4)
  Azrael (D:15)
  2 vampire knights
  An eleionoma (shapeshifter) (Vaults:5)
  10 deep elf demonologists
  24 very ugly things
  A minotaur (Shoals:4)
  13 green draconians
  12 black draconians
  12 deep elf annihilators
  20 purple draconians
  5 white draconians
  7 dire elephants
  10 spark wasps
  A spark wasp (shapeshifter) (Lair:5)
  11 red draconians
  A green death (D:1)
  5 yellow draconians
  6 ettins
  8 deep elf death magi
  3 merfolk javelineers
  6 fire dragons
  7 deep elf high priests
  4 entropy weavers
  6 merfolk impalers
  3 jiangshi (Depths:3)
  2 crystal guardians (Vaults:3)
  Harold (D:9)
  20 yaktaur captains
  Fannar (D:10)
  9 great orbs of eyes
  9 ice dragons
  2 merfolk avatars
  3 ogre magi
  6 rakshasas
  37 vault guards
  2 peacekeepers
  3 catoblepae
  2 hell beasts
  9 ironbound frosthearts
  5 spriggan air magi
  4 hydras
  2 merfolk aquamancers (Shoals:3)
  Erica (D:9)
  8 centaur warriors
  6 boulder beetles
  3 radroaches
  5 alligator snapping turtles
  3 jorogumos
  12 satyrs
  7 two-headed ogres
  7 death yaks
  31 dancing weapons
  4 deep troll shamans
  3 vampire magi
  5 deep troll earth magi
  5 tengu warriors
  3 orc high priests
  6 spriggan berserkers
  A sphinx skeleton (Vaults:3)
  3 thrashing horrors (Lair:5)
  9 demonic crawlers
  The ghost of sircluck the Grappler, a novice TrBe of Trog (D:7)
  25 deep elf knights
  A soul eater (Depths:2)
  3 skeletal warriors (Vaults:2)
  A sun moth (Spider:4)
  16 hell knights
  4 skysharks
  6 pharaoh ants
  5 iron trolls
  8 arcanists
  13 sea snakes
  A goliath frog (shapeshifter) (Vaults:5)
  9 orb spiders
  5 glowing orange brains
  A flayed ghost (Depths:2)
  An occultist (D:13)
  65 deep trolls
  20 ironbound convokers
  11 lindwurms
  22 harpies
  A harpy (shapeshifter) (Lair:5)
  7 necromancers
  9 deep elf archers
  10 orc knights
  A steelbarb worm (shapeshifter) (Vaults:5)
  31 deep elf zephyrmancers
  7 phantasmal warriors
  32 deep elf pyromancers
  7 orc sorcerers
  A shadow dragon skeleton (Depths:1)
  7 steelbarb worms
  24 wolf spiders
  17 fauns
  A glowing shapeshifter (Depths:3)
  A fire giant zombie (Depths:1)
  47 ugly things
  13 manticores
  4 oklob plants (Lair:4)
  8 cyclopes
  26 moths of wrath
  16 elephants
  20 vault sentinels
  6 water nymphs
  10 merfolk sirens
  4 human skeletons (Vaults:2)
  2 frost giant skeletons (Vaults:2)
  4 gargoyles
  4 black mambas
  8 torpor snails
  An unseen horror (D:12)
  A cane toad (shapeshifter) (Elf:3)
  2 rust devils
  A storm dragon simulacrum (Depths:1)
  2 kobold demonologists
  8 cane toads
  7 komodo dragons
  A komodo dragon (shapeshifter) (Vaults:5)
  2 freezing wraiths
  3 yaktaur skeletons (Vaults:2)
  6 rime drakes
  36 yaktaurs
  2 trolls (D:12)
  A red devil (Zot:1)
  6 wind drakes
  A hellwing (Zot:1)
  5 meliai
  A polar bear (Lair:3)
  27 tarantellas
  5 hornets
  37 merfolk
  2 raiju (Lair:5)
  38 blink frogs
  17 dream sheep
  9 snapping turtles
  24 jumping spiders
  A shadow (D:11)
  A centaur simulacrum (D:15)
  39 slime creatures
  7 spriggans
  2 vampires
  30 culicivoras
  7 small abominations (Lair:5)
  3 elf skeletons
  2 ynoxinuls (Lair:5)
  2 ettin skeletons (Vaults:2)
  47 yaks
  2 wraiths (D:12)
  12 basilisks
  5 fire elementals
  13 water elementals
  8 wyverns
  40 redbacks
  3 chaos spawn (Lair:5)
  A large abomination (Lair:5)
  2 steam dragons
  2 wargs
  4 vampire mosquitoes (D:11)
  An acid dragon (D:12)
  14 water moccasins
  A floating eye (shapeshifter) (Vaults:5)
  2 hell hounds (D:15)
  A floating eye (Depths:3)
  30 orc warriors
  3 ice beasts
  5 ogres
  A sky beast (D:7)
  2 black bears
  9 centaurs
  7 wolves (Lair:2)
  A phantom (D:5)
  12 bullfrogs
  3 kobold brigands
  3 scorpions
  3 earth elementals
  3 wights (D:7)
  11 killer bees
  3 howler monkeys
  An electric eel (Lair:5)
  3 lava snakes (D:12)
  4 hounds
  3 jellies
  19 orc priests
  A gnoll bouda (Orc:1)
  A sleepcap (D:5)
  4 iguanas
  25 orc wizards
  14 adders
  12 gnolls
  A shadow imp (D:6)
  A white imp (D:6)
  4 ufetubi
  2 worms
  2 dart slugs
  71 orcs
  7 ball pythons
  8 endoplasms
  5 giant cockroaches
  9 goblins
  6 hobgoblins
  5 jackals
  3 quokkas
  4 bats
  A frilled lizard (D:1)
  24 kobolds
  6 rats
  A spectral orc (D:6)
  2 spectral weapons
2141 creatures vanquished.

Vanquished Creatures (others)
  A ghost moth (Zot:5)
  A deep elf knight (Elf:2)
  An ironbound convoker (Vaults:4)
  A deep elf pyromancer (Elf:2)
  A deep elf zephyrmancer (Elf:2)
  A human zombie (Vaults:3)
  A manticore (Shoals:4)
  A tarantella (Spider:3)
  A yak (D:10)
9 creatures vanquished.

Grand Total: 2150 creatures vanquished

Notes
Turn   | Place    | Note
-------+----------+-------------------------------------------
     0 | D:1      | Forgeling the Formicid Reaver began the quest for the Orb.
     0 | D:1      | Reached XP level 1. HP: 16/16 MP: 3/3
    64 | D:1      | Reached XP level 2. HP: 15/22 MP: 5/5
   415 | D:1      | Reached XP level 3. HP: 27/27 MP: 6/6
   715 | D:2      | Noticed Terence
   861 | D:1      | Reached XP level 4. HP: 9/33 MP: 7/7
  1045 | D:2      | Reached skill level 5 in Axes
  1587 | D:2      | Reached XP level 5. HP: 33/38 MP: 8/8
  2110 | D:3      | Found Zotsae Wapn's Distillery.
  2166 | D:3      | Bought a potion of curing for 33 gold pieces
  2166 | D:3      | Bought a potion of degeneration for 11 gold pieces
  2492 | D:3      | Found an iron altar of Okawaru.
  2529 | D:3      | Became a worshipper of Warmaster Okawaru
  2698 | D:3      | Reached XP level 6. HP: 46/46 MP: 9/9
  2947 | D:3      | Bought a potion of heal wounds for 55 gold pieces
  3121 | D:4      | You fall into a shaft and drop 1 floor!
  3121 | D:5      | Entered Level 5 of the Dungeon
  3121 | D:5      | Found an opulent altar of Gozag.
  3273 | D:5      | Reached skill level 1 in Throwing
  3502 | D:5      | Reached XP level 7. HP: 45/51 MP: 10/10
  3684 | D:5      | Reached * piety under Okawaru
  3840 | D:5      | Reached skill level 1 in Invocations
  4289 | D:4      | Reached skill level 5 in Throwing
  4794 | D:2      | Terence changed into Terence the iguana
  4794 | D:2      | Noticed Terence
  4796 | D:2      | Killed Terence the iguana
  4850 | D:2      | Found a glowing silver altar of Zin.
  4965 | D:6      | Identified the "Rypur"
  4983 | D:6      | Reached XP level 8. HP: 45/57 MP: 11/11
  5264 | D:6      | Found a snail-covered altar of Cheibriados.
  5465 | D:6      | Reached ** piety under Okawaru
  5595 | D:6      | Reached XP level 9. HP: 66/66 MP: 12/12
  5706 | D:6      | Found a basalt altar of Yredelemnul.
  5822 | D:6      | Reached skill level 5 in Fighting
  6049 | D:7      | Found a staircase to the Ecumenical Temple.
  6107 | D:7      | Noticed sircluck's ghost (novice TrBe)
  6108 | D:7      | Found a runed translucent door.
  6321 | D:7      | Noticed a gargoyle
  6344 | D:7      | Killed a gargoyle
  6344 | D:7      | Reached *** piety under Okawaru
  6566 | D:7      | Found a bloodstained altar of Trog.
  6990 | D:8      | Found Duwekkon's Assorted Antiques.
  6998 | D:8      | Bought a sharpened copper wand for 116 gold pieces
  7034 | D:8      | Noticed a hornet
  7042 | D:8      | Killed a hornet
  7043 | D:8      | Reached skill level 10 in Axes
  7043 | D:8      | Reached skill level 1 in Evocations
  7053 | D:8      | Identified the +1 robe of Follow the Leader {rN+ Dex+3
                  | Stlth+}
  7135 | D:8      | Reached XP level 10. HP: 71/76 MP: 13/13
  7454 | D:8      | Identified the +1 sling "Ymunium" {freeze, rC++ Will+}
  7493 | D:8      | Found Vercheh's Antique Weapon Emporium.
  7800 | D:8      | Reached **** piety under Okawaru
  7801 | D:8      | Reached skill level 5 in Invocations
  7840 | D:8      | Found Mourr's Armour Shoppe.
  8318 | D:9      | Noticed Erica
  8337 | D:9      | Killed Erica
  8337 | D:9      | Reached ***** piety under Okawaru
  8338 | D:9      | Reached skill level 2 in Shields
  8587 | D:9      | Noticed Harold
  8605 | D:9      | Killed Harold
  8606 | D:9      | Reached skill level 4 in Shields
  8708 | D:9      | Reached XP level 11. HP: 73/84 MP: 14/14
  8709 | D:9      | Received a gift from Okawaru
  8973 | D:9      | Reached skill level 5 in Shields
  9159 | D:9      | Found a shadowy altar of Dithmenos.
  9193 | D:9      | Reached skill level 6 in Shields
  9395 | D:10     | Entered Level 10 of the Dungeon
  9441 | D:10     | Reached skill level 5 in Armour
  9693 | D:10     | Reached skill level 7 in Shields
  9695 | D:10     | Noticed a cyclops
  9705 | D:10     | Killed a cyclops
  9705 | D:10     | Received a gift from Okawaru
  9746 | D:10     | Noticed a +0 short sword
  9746 | D:10     | Noticed a +0 short sword
  9747 | D:10     | Noticed a +0 dagger
  9747 | D:10     | Noticed a +0 falchion
  9747 | D:10     | Noticed a +0 spear
  9747 | D:10     | Noticed a +0 dagger
  9748 | D:10     | Noticed a +0 falchion
  9749 | D:10     | Noticed a +0 spear
  9760 | D:10     | Found a hide-covered altar of Uskayaw.
  9844 | D:10     | Noticed Fannar
 10112 | D:10     | Killed Fannar
 10230 | D:10     | Found a staircase to the Lair.
 10230 | D:10     | Noticed an elephant
 10246 | D:10     | Killed an elephant
 10505 | D:11     | Noticed a green ugly thing
 10518 | D:11     | Killed a green ugly thing
 10520 | D:11     | Noticed a two-headed ogre
 10530 | D:11     | Killed a two-headed ogre
 10531 | D:11     | Reached XP level 12. HP: 95/95 MP: 16/18
 10715 | D:11     | Found a frozen archway.
 10733 | IceCv    | Entered an ice cave
 10839 | D:11     | Received a gift from Okawaru
 10849 | D:11     | Reached skill level 10 in Invocations
 11205 | D:11     | Found a radiant altar of Vehumet.
 11639 | D:7      | Killed sircluck's ghost
 11781 | Lair:1   | Entered Level 1 of the Lair of Beasts
 11890 | Lair:1   | Reached skill level 5 in Evocations
 11901 | Lair:1   | Received a gift from Okawaru
 12104 | Lair:1   | Identified the +6 quarterstaff of Wileqiux {heavy, Str-3
                  | Dex+4}
 12179 | Lair:1   | Identified the +2 robe of Whack-A-Mole {*Corrode +Blink
                  | rPois Regen+}
 12579 | Lair:2   | Received a gift from Okawaru
 12664 | Lair:2   | Reached XP level 13. HP: 91/101 MP: 20/20
 12664 | Lair:2   | Identified the +7 long sword of Makhleb's Hatred {vamp,
                  | Dex+5 Stlth+}
 12762 | Lair:2   | Found a staircase to the Shoals.
 12976 | Lair:2   | Reached ****** piety under Okawaru
 13003 | Lair:2   | Acquired the +7 crystal plate armour "Ewnij" {rF+ Int+2}
 13003 | Lair:2   | Received a gift from Okawaru
 13005 | Lair:2   | Acquired the +10 executioner's axe of the Shrinking Enemy
                  | {venom, rC+}
 13005 | Lair:2   | Received a gift from Okawaru
 13245 | Lair:2   | Received a gift from Okawaru
 13252 | Lair:2   | Reached skill level 8 in Shields
 13808 | Lair:3   | Found a hole to the Spider Nest.
 14208 | Lair:3   | Noticed a catoblepas
 14217 | Lair:3   | Killed a catoblepas
 14228 | Lair:3   | Received a gift from Okawaru
 14318 | Lair:3   | Reached skill level 10 in Fighting
 14798 | Lair:3   | Found a snail-covered altar of Cheibriados.
 14807 | Lair:3   | Reached skill level 9 in Shields
 15512 | Lair:4   | Found a staircase to the Slime Pits.
 15512 | Lair:4   | Found a viscous altar of Jiyva.
 15577 | Lair:4   | Reached XP level 14. HP: 75/110 MP: 19/21
 15882 | Lair:4   | Received a gift from Okawaru
 16054 | Lair:4   | Reached skill level 5 in Dodging
 16680 | Lair:5   | Identified the "Urakublevo"
 16680 | Lair:5   | Entered Level 5 of the Lair of Beasts
 16689 | Lair:5   | Reached skill level 10 in Shields
 16886 | Lair:5   | Received a gift from Okawaru
 17532 | D:12     | Identified the +7 scale mail of Ceddag {rC+}
 17841 | D:12     | Found a staircase to the Orcish Mines.
 17841 | D:12     | Found Egagy's Armour Boutique.
 17962 | D:12     | Received a gift from Okawaru
 18361 | Orc:1    | Entered Level 1 of the Orcish Mines
 18372 | D:12     | Reached skill level 10 in Armour
 18372 | D:12     | Reached skill level 11 in Shields
 18716 | Orc:2    | Entered Level 2 of the Orcish Mines
 19213 | Orc:2    | Found a staircase to the Elven Halls.
 19685 | Orc:2    | Received a gift from Okawaru
 19939 | Orc:2    | Reached XP level 15. HP: 119/119 MP: 22/22
 20326 | Orc:2    | Reached skill level 15 in Axes
 20563 | Orc:2    | Found Maushee's Magic Scroll Shop.
 20563 | Orc:2    | Found Hiciej's Magic Scroll Shoppe.
 20741 | Orc:2    | Found Fud Kaeh's Magic Scroll Shop.
 20741 | Orc:2    | Found Ajixkom's Distillery.
 20870 | Orc:2    | Bought a scroll of acquirement for 780 gold pieces
 20872 | Orc:2    | Acquired the ring of Brilliance {rElec Slay+4}
 20934 | D:12     | Bought a +2 pair of gloves for 264 gold pieces
 21377 | D:13     | Found Sarumesu's Vocational Training.
 21742 | D:13     | Noticed Rupert
 21762 | D:13     | Killed Rupert
 21971 | D:13     | Identified the +0 robe of Inference {rF+ rN+ Str+2}
 22024 | D:13     | Received a gift from Okawaru
 22667 | D:14     | Found a gate to the Vaults.
 23232 | D:15     | Entered Level 15 of the Dungeon
 23239 | D:14     | Received a gift from Okawaru
 24090 | D:15     | Received a gift from Okawaru
 24416 | D:15     | Reached XP level 16. HP: 108/127 MP: 23/23
 24438 | D:15     | Acquired the +3 kite shield of Cauxzam {rElec Regen+ Str+3}
 24604 | D:15     | Found a staircase to the Depths.
 24644 | D:15     | Noticed Azrael
 24670 | D:15     | Killed Azrael
 25129 | D:15     | Received a gift from Okawaru
 26128 | Lair:5   | Received a gift from Okawaru
 26163 | Lair:5   | Found a corrupted altar of Lugonu.
 26163 | Lair:5   | Found a one-way gate to the infinite horrors of the Abyss.
 26338 | Lair:5   | Found an iron altar of Okawaru.
 26582 | Spider:1 | Entered Level 1 of the Spider Nest
 26606 | Spider:1 | Received a gift from Okawaru
 27073 | Spider:1 | Received a gift from Okawaru
 27380 | Spider:1 | Reached XP level 17. HP: 121/133 MP: 24/24
 28043 | Spider:2 | Reached skill level 12 in Shields
 28581 | Spider:3 | Received a gift from Okawaru
 28816 | Spider:3 | Reached skill level 13 in Shields
 28959 | Spider:3 | Noticed Beumoczol's ghost (journeyman KoDe)
 28967 | Spider:3 | Found a transporter.
 28970 | Spider:3 | Found a transporter.
 29199 | Spider:4 | Entered Level 4 of the Spider Nest
 29235 | Spider:4 | Reached XP level 18. HP: 135/144 MP: 18/25
 29244 | Spider:4 | Received a gift from Okawaru
 29256 | Spider:4 | Noticed Mlioglotl
 29411 | Spider:4 | Reached skill level 14 in Shields
 29515 | Spider:4 | Killed Mlioglotl
 29548 | Spider:4 | Reached skill level 10 in Throwing
 29735 | Spider:4 | Got a gossamer rune of Zot
 29767 | Spider:4 | Identified the +2 sling "Hyot" {elec, Int+4}
 29892 | Spider:3 | Reached skill level 15 in Shields
 29935 | Spider:3 | Killed Beumoczol's ghost
 30186 | Shoals:1 | Entered Level 1 of the Shoals
 30247 | Shoals:1 | Found Inkilon's Magic Scroll Emporium.
 30255 | Shoals:1 | Bought a scroll of acquirement for 572 gold pieces
 30257 | Shoals:1 | Acquired a +0 pair of boots of flying
 30440 | Shoals:1 | Noticed Roxanne
 30657 | Shoals:1 | Received a gift from Okawaru
 31064 | Shoals:2 | Noticed Ilsuiw
 31074 | Shoals:2 | Killed Ilsuiw
 31292 | Shoals:2 | Noticed Polyphemus
 31306 | Shoals:2 | Killed Polyphemus
 31408 | Shoals:2 | Reached XP level 19. HP: 149/152 MP: 24/26
 31565 | Shoals:2 | Noticed Aizul
 31574 | Shoals:2 | Killed Aizul
 31964 | Shoals:3 | Received a gift from Okawaru
 32725 | Shoals:3 | Received a gift from Okawaru
 33129 | Shoals:4 | Entered Level 4 of the Shoals
 33667 | Shoals:4 | Reached skill level 16 in Shields
 33705 | Shoals:4 | Received a gift from Okawaru
 33775 | Shoals:4 | Got a barnacled rune of Zot
 33831 | Shoals:4 | Reached XP level 20. HP: 153/161 MP: 24/27
 33837 | Arena    | Entered the Arena
 33846 | Arena    | Reached skill level 15 in Fighting
 34315 | Shoals:1 | Killed Roxanne
 34582 | Vaults:1 | Entered Level 1 of the Vaults
 34937 | Vaults:1 | Received a gift from Okawaru
 35156 | Vaults:1 | Reached skill level 17 in Shields
 35463 | Vaults:1 | Identified the +2 falchion of Bodily Harmony {pain, *Rage
                  | rN+ Str+4 Int+2}
 35659 | Vaults:1 | Received a gift from Okawaru
 35773 | Vaults:2 | Noticed Saint Roka
 35784 | Vaults:2 | Killed Saint Roka
 36003 | Vaults:2 | Reached XP level 21. HP: 169/171 MP: 28/28
 36061 | Vaults:2 | Found a staircase to the Crypt.
 36273 | Vaults:2 | Found Gehos's Magic Scroll Emporium.
 36276 | Vaults:2 | Noticed Mennas
 36296 | Vaults:2 | Killed Mennas
 36297 | Vaults:2 | Reached skill level 18 in Shields
 36309 | Vaults:2 | Received a gift from Okawaru
 36353 | Vaults:2 | Reached skill level 15 in Armour
 36494 | Vaults:2 | Found Evujeis's Antique Weapon Shoppe.
 36828 | Vaults:2 | Found Diler's Distillery.
 36835 | Vaults:2 | Found Suhiuwk's Antique Armour Shop.
 37155 | Vaults:2 | Found Ureisin's Distillery.
 37159 | Vaults:2 | Bought a potion of resistance for 130 gold pieces
 37309 | Vaults:2 | Acquired a manual of Armour
 37387 | Vaults:3 | Received a gift from Okawaru
 37492 | Vaults:3 | Reached skill level 19 in Shields
 37690 | Vaults:3 | Reached XP level 22. HP: 179/182 MP: 27/29
 37716 | Vaults:3 | Noticed Sojobo
 37752 | Vaults:3 | Killed Sojobo
 37863 | Vaults:3 | Noticed Margery
 37880 | Vaults:3 | Killed Margery
 37892 | Vaults:3 | Received a gift from Okawaru
 38316 | Vaults:3 | Reached skill level 20 in Shields
 38336 | Vaults:3 | Received a gift from Okawaru
 38738 | Vaults:4 | Received a gift from Okawaru
 39006 | Vaults:4 | Found Vewn's Antique Weapon Shoppe.
 39304 | Vaults:4 | Reached XP level 23. HP: 192/192 MP: 30/30
 39402 | Vaults:4 | Noticed Boris
 39411 | Vaults:4 | Killed Boris
 39411 | Vaults:4 | Received a gift from Okawaru
 39412 | Vaults:4 | Reached skill level 21 in Shields
 39742 | Depths:1 | Entered Level 1 of the Depths
 39923 | Depths:1 | Found a gateway to Hell.
 40090 | Depths:1 | Reached skill level 10 in Dodging
 40345 | Depths:1 | Identified the +3 orcbow of the Egg {elec, rN+ Int-3 Dex+4
                  | SInv}
 40365 | Depths:1 | Received a gift from Okawaru
 40411 | Depths:1 | Found Xecet's Overcharged Wands.
 40934 | Depths:2 | Found a bloodstained altar of Trog.
 41133 | Arena    | Entered the Arena
 41632 | Depths:2 | Reached skill level 22 in Shields
 41647 | Depths:2 | Found a one-way gate leading to the halls of Pandemonium.
 42122 | Depths:3 | Received a gift from Okawaru
 42280 | Depths:3 | Received a gift from Okawaru
 42383 | Depths:3 | Found a large runed translucent door.
 42426 | Depths:3 | Found a large runed translucent door.
 42506 | Depths:3 | Reached XP level 24. HP: 178/196 MP: 28/30
 42650 | Depths:3 | Found a transporter.
 42653 | Depths:3 | Found Emof's Armour Boutique.
 42658 | Depths:3 | Noticed Boris
 42693 | Depths:3 | Killed Boris
 42869 | Depths:3 | Found a transporter.
 42895 | Depths:3 | Found a large runed translucent door.
 42897 | Depths:3 | Found a large runed translucent door.
 42919 | Depths:3 | Found a shimmering blue altar of Sif Muna.
 42976 | Depths:3 | Found a large runed translucent door.
 42976 | Depths:3 | Found a large runed translucent door.
 42978 | Depths:3 | Noticed Boniyj's ghost (veteran GnWn)
 43215 | Depths:3 | Found a large runed translucent door.
 43217 | Depths:3 | Found a large runed translucent door.
 43358 | Depths:3 | Found a large runed translucent door.
 43373 | Depths:3 | Found a large runed translucent door.
 43392 | Depths:3 | Identified the ring of the Duke {rPois rN+}
 43517 | Depths:3 | Killed Boniyj's ghost
 43561 | Depths:4 | Entered Level 4 of the Depths
 43590 | Depths:4 | Received a gift from Okawaru
 43676 | Depths:4 | Found a one-way gateway to a ziggurat.
 43749 | Depths:4 | Found a blossoming altar of Fedhas.
 43844 | Depths:4 | Noticed the Enchantress
 43873 | Depths:4 | Killed the Enchantress
 43950 | Depths:4 | Found a gate to the Realm of Zot.
 43957 | Depths:4 | Reached skill level 23 in Shields
 44501 | Depths:4 | Received a gift from Okawaru
 44916 | Vaults:4 | You fall into a shaft and drop 1 floor!
 44916 | Vaults:5 | Entered Level 5 of the Vaults
 44939 | Vaults:5 | Reached skill level 24 in Shields
 45059 | Vaults:5 | Reached skill level 25 in Shields
 45064 | Vaults:5 | Reached XP level 25. HP: 185/210 MP: 28/30
 45366 | Vaults:5 | Got a silver rune of Zot
 45370 | Vaults:5 | Found the +5 Storm Queen's Shield {shock, Fly rElec}
 45490 | Vaults:5 | Received a gift from Okawaru
 45786 | Vaults:5 | Reached skill level 15 in Throwing
 45978 | Vaults:5 | Received a gift from Okawaru
 45997 | Vaults:5 | Noticed a caustic shrike
 46000 | Vaults:5 | a caustic shrike changed into an eleionoma
 46045 | Vaults:5 | Noticed an ancient lich
 46057 | Vaults:5 | Killed an ancient lich
 46145 | Vaults:5 | Received a gift from Okawaru
 46661 | Vaults:5 | Found the +10 morningstar "Eos" {elec, Halo rElec}
 46719 | Vaults:5 | Acquired a manual of Invocations
 46909 | D:13     | Bought a manual of Evocations for 1520 gold pieces
 47002 | Elf:1    | Identified the of Liagev
 47002 | Elf:1    | Identified the "Geonk"
 47002 | Elf:1    | Entered Level 1 of the Elven Halls
 47106 | Elf:1    | Found Imonk's Assorted Antiques.
 47217 | Elf:1    | Noticed Agnes
 47223 | Elf:1    | Killed Agnes
 48015 | Elf:2    | Reached XP level 26. HP: 217/220 MP: 31/31
 48224 | Elf:2    | Found a runed translucent gate.
 48225 | Elf:2    | Found a runed translucent gate.
 48225 | Elf:2    | Found a runed translucent gate.
 48237 | Elf:2    | Found Unwuamaph's Book Shoppe.
 48238 | Elf:2    | Found Vuusyf's Jewellery Boutique.
 48240 | Elf:2    | Found Adgheehy's Book Shoppe.
 48299 | Elf:2    | Received a gift from Okawaru
 49027 | Elf:2    | Received a gift from Okawaru
 49279 | Elf:3    | Identified the "Iruexan"
 49279 | Elf:3    | Entered Level 3 of the Elven Halls
 49788 | Elf:3    | Found Wais's Assorted Antiques.
 49871 | Elf:3    | Noticed Asterion
 49893 | Elf:3    | Reached skill level 10 in Evocations
 49900 | Elf:3    | Killed Asterion
 50573 | Elf:3    | Identified the +6 short sword "Luk Xisk" {antimagic, +Blink
                  | rN+ Str-4 SInv}
 50809 | Elf:3    | Identified the +6 halberd of the Doomed Warrior {pain,
                  | Int+2}
 50809 | Elf:3    | Identified the amulet "Poavie Qejal" {Reflect rF+ Will+
                  | Str+3 SH+5}
 50830 | Elf:3    | Received a gift from Okawaru
 50861 | Elf:3    | Found the +3 greatsling "Punk" {acid, rCorr}
 50861 | Elf:3    | Found the +2 shield of Resistance {rF++ rC++ Will++}
 50891 | Elf:3    | Identified the +7 arbalest of the Grand God {flame, rF+
                  | SInv}
 50899 | Elf:3    | Identified the +4 ring mail "Entuch" {rN+ Str+3 Dex-4 SInv}
 50986 | Elf:3    | Identified the +1 plate armour of the Unstoppable Beasts
                  | {Will++ Int-5}
 50999 | Elf:3    | Identified the staff "Laotopp" {rF+ rC+ Str+3 Ice}
 51367 | Orc:2    | Bought 3 scrolls of acquirement for 2340 gold pieces
 51370 | Orc:2    | Acquired 1228 gold pieces
 51372 | Orc:2    | Acquired a manual of Evocations
 51374 | Orc:2    | Acquired the amulet of Gaxzi {Reflect Regen+ SH+5}
 51548 | Elf:2    | Bought the ring "Usmior" {rN+ rCorr Int+3} for 787 gold
                  | pieces
 51854 | Zot:1    | Entered Level 1 of the Realm of Zot
 51856 | Zot:1    | Acquired 792 gold pieces
 52270 | Zot:1    | Received a gift from Okawaru
 52271 | Zot:1    | Reached XP level 27. HP: 119/229 MP: 33/33
 53189 | Zot:2    | Noticed an orb of fire
 53206 | Zot:2    | Killed an orb of fire
 53482 | Zot:2    | Reached skill level 15 in Evocations
 53494 | Arena    | Entered the Arena
 53537 | Zot:2    | Received a gift from Okawaru
 53780 | Zot:2    | Identified the +0 ring mail of Ruamo {Dex+4}
 54112 | Zot:2    | Noticed an orb of fire
 54705 | Zot:3    | Received a gift from Okawaru
 56434 | Zot:5    | Entered Level 5 of the Realm of Zot
 56732 | Zot:4    | Received a gift from Okawaru
 56891 | Arena    | Entered the Arena
 57602 | Zot:5    | Noticed a dread lich
 57615 | Zot:5    | Killed a dread lich
 57706 | Zot:5    | Noticed an orb of fire
 57709 | Zot:5    | Noticed an orb of fire
 57710 | Zot:5    | Killed an orb of fire
 57711 | Zot:5    | Noticed an orb of fire
 57716 | Zot:5    | Killed an orb of fire
 57719 | Zot:5    | Noticed an orb of fire
 57720 | Zot:5    | Killed an orb of fire
 57729 | Zot:5    | Killed an orb of fire
 57750 | Zot:5    | Noticed a Killer Klown
 57754 | Zot:5    | Killed a Killer Klown
 57766 | Zot:5    | Noticed a Killer Klown
 57766 | Zot:5    | Noticed an ancient lich
 57768 | Zot:5    | Killed an ancient lich
 57769 | Zot:5    | Noticed an orb of fire
 57769 | Zot:5    | Noticed a Killer Klown
 57771 | Zot:5    | Killed a Killer Klown
 57771 | Zot:5    | Noticed a Killer Klown
 57772 | Zot:5    | Killed an orb of fire
 57773 | Zot:5    | Killed a Killer Klown
 57774 | Zot:5    | Noticed an ancient lich
 57776 | Zot:5    | Killed an ancient lich
 57779 | Zot:5    | Noticed a dread lich
 57782 | Zot:5    | Received a gift from Okawaru
 57782 | Zot:5    | Noticed a dread lich
 57785 | Zot:5    | Killed a dread lich
 57789 | Zot:5    | Killed a dread lich
 57790 | Zot:5    | Reached skill level 15 in Invocations
 57793 | Zot:5    | Noticed an ancient lich
 57796 | Zot:5    | Killed an ancient lich
 57799 | Zot:5    | Killed a Killer Klown
 57871 | Zot:5    | Noticed a dread lich
 57886 | Zot:5    | Killed a dread lich
 58290 | Zot:5    | Got the Orb of Zot
 58430 | Zot:1    | Noticed Adwoo the pandemonium lord
 58456 | Zot:1    | Killed Adwoo the pandemonium lord
 58875 | D:1      | Noticed Miach the pandemonium lord
 58880 | D:1      | Received a gift from Okawaru
 58892 | D:1      | Killed Miach the pandemonium lord
 58924 | D:1      | Noticed Xasefros the pandemonium lord
 58963 | D:1      | Killed Xasefros the pandemonium lord
 59008 | D:$      | Escaped with the Orb!

Illustrated notes

Levels and vault maps discovered:
D:1:      saegor_arrival_simple_a, layout_basic, minmay_tetromino_i2
D:2:      layout_loops_corners, basic_altar, uniq_terence
D:3:      layout_basic, mainiacjoe_overflow_alcove_4, serial_shops,
          nicolae_shop_tiny_glass
D:4:      layout_loops_ring
D:5:      layout_rooms, amcnicky_altar_gilded
D:6:      layout_loops_ring, mainiacjoe_overflow_six_doors_small,
          yredelemnul_forgotten_temple_becter
D:7:      layout_loops_ring, lightli_temple_of_fire, minmay_temple_entry_mist,
          hellmonk_ghost_happy_afterlife
D:8:      layout_loops_corners, serial_shops, shop_statue, shop, shop
D:9:      layout_grid_maze, mainiacjoe_overflow_24_doors, uniq_erica,
          uniq_harold
D:10:     layout_basic, nicolae_uskayaw_en_pointe,
          grunt_lair_entry_orc_guard_hut, uniq_fannar
D:11:     layout_stronghold, portal_ice_cave_rime, nicolae_vehumet_altar_sigil
D:12:     layout_basic, orc_david_3, kennysheep_boxes
D:13:     layout_grid_maze, corexii_checkpoint_a, nicolae_shop_vocational,
          uniq_rupert
D:14:     layout_irregular_city, hellmonk_vaults_attempted_burglary,
          minmay_misc_feat_x
D:15:     hellmonk_depths_entry_around_the_bend, layout_gridville, uniq_azrael
Lair:1:   layout_chaotic_city
Lair:2:   layout_chaotic_city, elwin_shoals_entry_rocks, beast_lair_carwin_5
Lair:3:   layout_layer_cave, hellmonk_spider_entry_life_and_decay,
          kennysheep_snail_temple
Lair:4:   layout_hall_layers, minmay_slime_entry_oklob_open
Lair:5:   hellmonk_lair_end_abyssal_woods, layout_regular_city,
          lemuel_centaur_altar, serial_bayou_shore_a
Shoals:1: layout_shoals, serial_shops, nicolae_shop_advertising_works
          [nicolae_subvault_shop_adworks], uniq_roxanne
Shoals:2: layout_shoals, uniq_polyphemus, uniq_ilsuiw, uniq_aizul
Shoals:3: layout_shoals, argonaut_gorgonesque
Shoals:4: shoals_end_hellmonk_lost_city, serial_shops
Spider:1: layout_cave_pods, drop_trap
Spider:2: layout_spider_delve
Spider:3: layout_cave_pods, nzn_ghost_randoct, nicolae_spider_moth_buddies
Spider:4: hellmonk_spider_rune_bug_friends, uniq_mlioglotl
Orc:1:    layout_diamond_mine
Orc:2:    grunt_orc_tribal_feast, layout_caves, basic_altar
Elf:1:    layout_loops_corners, serial_shops, shop, minmay_elf_annihilation,
          uniq_agnes
Elf:2:    nicolae_elf_blades_crystal_corner, layout_loops_corners,
          minmay_shop_grove
Elf:3:    elf_hall, layout_geoelf_grid, serial_shops, shop, uniq_asterion
Vaults:1: v_misc_2, nicolae_vaults_closet_pinwheel_4,
          nicolae_vaults_apartment_1, v_rooms_2, v_pattern_5,
          nicolae_vaults_windows_and_doors_thing,
          nicolae_vaults_storage_closets_3, nicolae_vaults_storage_room_glass,
          nicolae_vaults_tetromino_L_1, layout_vaults_big_room
Vaults:2: vaults_dpeg_emergency_exit, nicolae_vaults_what_the_h,
          vaults_room_large_hall, nicolae_vaults_tetromino_T_2, v_alt_pattern_2,
          grunt_vaults_swirl, nicolae_vaults_shipping_containers_3,
          nicolae_vaults_network_star, v_pattern_1,
          minmay_crypt_entry_skeletal_spiral, nicolae_vaults_surprise_closet,
          vaults_dpeg_hooks, vaults_room_pools, v_misc_22,
          layout_vaults_omnigrid, serial_shops, nicolae_shop_rolling_square,
          shop, nicolae_lakefront_shop, nicolae_shop_real_fake_doors,
          nicolae_shop_industrial_runoff, uniq_mennas, uniq_saint_roka
Vaults:3: ontoclasm_vaults_misaligned, v_misc_29, vaults_room_fours,
          nicolae_vaults_whirlpool_walls, nicolae_vaults_surprise_closet,
          vaults_room_stairs_pillars, vaults_mumra_hex, vaults_room_fours,
          vaults_dpeg_diagonal, nicolae_vaults_theta, vaults_room_semicircle,
          nicolae_vaults_tetromino_L_2, nicolae_vaults_yaktaur_gun_rack,
          layout_vaults_omnicross, uniq_margery, uniq_sojobo
Vaults:4: nicolae_vaults_closet_pinwheel_1, v_misc_10, vaults_room_large_hall,
          nicolae_vaults_network_s, nicolae_vaults_storage_closets_1,
          v_pattern_2, nicolae_vaults_trapezoid_1, grunt_vaults_hallway_long,
          nicolae_vaults_surprise_closet, ontoclasm_vaults_claustrophobia,
          v_alt_pattern_4, nicolae_vaults_house_3, nicolae_vaults_house_2,
          layout_vaults_omnibox, serial_shops,
          nicolae_shop_pleasant_corner_grove, uniq_boris
Vaults:5
Depths:1: layout_cave_shapes, hangedman_decor_slide_cut, grunt_metal_band,
          nicolae_shop_overcharged_wands, grunt_megastairs_1
Depths:2: nicolae_cairo_tiling_very_big, layout_basic, bloody_trog,
          pf_coc_iceberg, grunt_pan_entry_zigzag, serial_sigils_hangedman_scar
Depths:3: minmay_five_octagons, layout_basic, lemuel_blue_sif_altar,
          grunt_hell_entry_dis_mu, abyss_entry_glasseish,
          ebering_ghost_disaster_area, serial_shops, nicolae_shop_drivethru
Depths:4: evilmike_zot_entry_argh, layout_gridlike, enter_ziggurat_c,
          hell_entry, minmay_misc_feat_roman, minmay_misc_feat_rugged,
          minmay_misc_feat_five, fedhas_altar_1, uniq_enchantress
Zot:1:    layout_gridlike
Zot:2:    layout_misc_corridors, nrook_zot_tub
Zot:3:    layout_basic
Zot:4:    layout_gridlike
Zot:5:    layout_cathedral_of_symmetry, st_stairs_12

Skill      XL: |  1  2  3  4  5  6  7  8  9 10 11 12 13 14 15 16 17 18 19 20 21 22 23 24 25 26 27 |
---------------+----------------------------------------------------------------------------------+-----
Axes           | 4 5 6 8 10 11 12 13 14 17 20 21 22 | 22.0
Throwing       | 3 5 6 8 10 14 15 16 22 | 22.0
Invocations    | 2 3 5 8 10 13 19 | 19.1
Fighting       | 4 6 7 9 10 11 12 13 14 16 17 18 20 21 22 | 22.0
Evocations     | 1 3 7 8 12 17 | 17.4
Armour         | 3 7 8 10 11 12 13 14 16 18 20 21 22 | 22.0
Shields        | 4 7 9 11 13 15 16 17 19 20 22 25 | 25.3
Dodging        | 4 5 6 7 8 9 10 11 12 | 12.2
Spellcasting   | |  2.1
Conjurations   | |  2.6

Action                     |  1- 3 |  4- 6 |  7- 9 | 10-12 | 13-15 | 16-18 | 19-21 | 22-24 | 25-27 || total
---------------------------+-------+-------+-------+-------+-------+-------+-------+-------+-------++-------
  Melee: Hand axe          |   110 |   269 |   293 |       |       |       |       |       |       ||   672
         Punch             |     1 |     2 |     6 |       |       |       |       |       |       ||     9
         War axe           |       |       |    59 |   593 |    65 |       |       |       |       ||   717
         Executioner's axe |       |       |       |       |   631 |   785 |  1017 |  1111 |  1746 ||  5290
   Fire: Sling             |       |     7 |       |       |       |       |       |       |       ||     7
  Throw: Dart              |       |     7 |    14 |    40 |     7 |       |       |       |       ||    68
         Boomerang         |       |     6 |     7 |     7 |    25 |    18 |       |    31 |       ||    94
         Javelin           |       |       |       |       |       |    36 |       |     2 |    94 ||   132
 Invoke: Heroism           |       |       |     4 |     7 |    13 |    14 |     9 |     7 |    16 ||    70
         Receive Weapon    |       |       |       |       |     1 |       |       |       |       ||     1
         Receive Armour    |       |       |       |       |     1 |       |       |       |       ||     1
         Finesse           |       |       |       |       |     3 |     5 |     3 |     1 |     7 ||    19
         Duel              |       |       |       |       |       |       |     1 |     1 |     2 ||     4
Ability: Shaft Self        |       |     1 |       |       |       |       |       |     1 |       ||     2
         Dig               |       |       |       |       |       |       |       |       |     2 ||     2
  Evoke: Wand              |       |       |     4 |       |     2 |     9 |       |     9 |     6 ||    30
         Lightning rod     |       |       |       |       |       |       |       |       |     2 ||     2
    Use: Scroll            |     4 |     1 |     4 |     3 |    12 |     5 |     4 |     1 |    13 ||    47
         Potion            |       |       |     1 |       |     1 |     1 |     1 |     1 |     6 ||    11
   Stab: Petrified         |       |       |       |       |     3 |       |       |       |       ||     3
         Invisible         |       |       |       |       |       |       |     8 |       |       ||     8
 Armour: Leather armour    |     5 |     6 |       |       |       |       |       |       |       ||    11
         Ring mail         |    61 |   161 |   147 |       |       |       |       |       |       ||   369
         Chain mail        |       |       |   157 |   420 |   634 |   554 |       |       |       ||  1765
         Crystal plate arm |       |       |       |       |       |   103 |   674 |   705 |  1064 ||  2546
  Dodge: Dodged            |    65 |   141 |   203 |   186 |   323 |   303 |   206 |   267 |   399 ||  2093
         Repelled          |       |       |       |     2 |     9 |    10 |     6 |     9 |    35 ||    71
  Block: Buckler           |       |       |       |   160 |   322 |     5 |       |       |       ||   487
         Kite shield       |       |       |       |       |       |   584 |   690 |   723 |  1421 ||  3418
         Reflection        |       |       |       |       |       |       |       |       |    12 ||    12

Table legend: (Time is in decaauts)
 A = Elapsed time spent in this place.
 B = Non-inter-level travel time spent in this place.
 C = Inter-level travel time spent in this place.
 D = Time resting spent in this place.
 E = Time spent auto-exploring this place.
 F = Levels seen in this place.
 G = Mean time per level.
                   A        B        C        D        E       F      G
               +--------+--------+--------+--------+--------+-----+--------+
         Total |  57999 |  52839 |   5160 |   2573 |  35745 |  52 | 1115.4 |
       Dungeon |  18065 |  16029 |   2036 |   1057 |  10800 |  15 | 1204.3 |
          Lair |   6923 |   6209 |    714 |     22 |   4435 |   5 | 1384.6 |
        Shoals |   4093 |   3830 |    263 |    193 |   2541 |   4 | 1023.2 |
   Spider Nest |   3455 |   3188 |    267 |    107 |   1910 |   4 |  863.8 |
  Orcish Mines |   2776 |   2298 |    478 |    423 |   1403 |   2 | 1388.0 |
   Elven Halls |   4400 |   3989 |    411 |    189 |   2910 |   3 | 1466.7 |
        Vaults |   6841 |   6381 |    460 |     28 |   4332 |   5 | 1368.2 |
        Depths |   5098 |   4778 |    320 |      0 |   3606 |   4 | 1274.5 |
           Zot |   6276 |   6070 |    206 |    537 |   3806 |   5 | 1255.2 |
      Ice Cave |      3 |      3 |      0 |      0 |      0 |   1 |    3.0 |
         Arena |     65 |     65 |      0 |     17 |      0 |   4 |   16.2 |
               +--------+--------+--------+--------+--------+-----+--------+

Top non-repeatable levels by time:
  Lair:3: 1931 daAuts
    D:14: 1878 daAuts
Vaults:5: 1734 daAuts
   Elf:3: 1708 daAuts
   Elf:2: 1643 daAuts
Vaults:2: 1579 daAuts
     D:9: 1552 daAuts
   Orc:2: 1535 daAuts
  Lair:5: 1508 daAuts
  Lair:4: 1460 daAuts
Depths:3: 1435 daAuts
   Zot:5: 1387 daAuts
    D:13: 1381 daAuts
    D:15: 1363 daAuts
Vaults:3: 1287 daAuts
